AoeStats
← ImJoker

Arena

509698879Analyzed
4v4 RM · 4d ago on Sep 27, 2026· 42m 28s· 8 players
Game mode
Random Map
Map size
Large (8 player)
Population
200
Speed
Normal
Resources
Standard
Victory
Conquest
Starting age
Dark Age
Ending age
Imperial Age
RankedLock teamsTeams togetherTeam positionsShared explorationLock speedFull tech treeHidden civsTurbo modeCheats
Victory
Defeat
🇬🇧 Varangians · United Kingdom
1095
+14
🇩🇪 Mongols · Germany
1081
+15
🇩🇪 Danes · Germany
1078
+15
🇺🇸 Britons · United States
1078
+15
🇸🇪 Britons · Sweden
1105
-17
🇹🇷 Mongols · Türkiye
1101
-17
🇹🇷 Magyars · Türkiye
1032
-14
🇹🇷 Armenians · Türkiye
969
-11
AgEnT10101
0:28 Loom
9:59 Feudal Age
17:26 Castle Age
15:39 Double-Bit Axe
15:59 Horse Collar
16:57 Stone Mining
16:57 Gold Mining
20:38 Wheelbarrow
23:48 Hand Cart
25:45 Bow Saw
30:58 Imperial Age
29:45 Bloodlines
29:40 Husbandry
29:47 Scale Barding Armor
30:59 Chain Barding Armor
31:53 Heavy Plow
32:55 Two-Man Saw
32:33 Plate Barding Armor
32:09 Forging
32:04 Elite Jarl
33:28 Conscription
34:34 Crop Rotation
39:21 Iron Casting
41:03 Blast Furnace
41:07 Ballistics
41:47 Chemistry
TopicKilleR
11:01 Feudal Age
14:20 Castle Age
12:06 Loom
15:20 Forging
14:51 Horse Collar
15:00 Double-Bit Axe
26:31 Scale Mail Armor
27:07 Iron Casting
27:58 Chain Mail Armor
35:49 Fletching
36:57 Padded Archer Armor
37:53 Bodkin Arrow
38:14 Leather Archer Armor
38:12 Elite Skirmisher
39:01 Town Watch
Randomly10
2:38 Loom
10:54 Feudal Age
15:58 Castle Age
14:23 Double-Bit Axe
15:37 Gold Mining
15:40 Stone Mining
15:32 Horse Collar
23:18 Wheelbarrow
24:53 Padded Archer Armor
24:43 Fletching
26:50 Leather Archer Armor
28:11 Ballistics
29:20 Scale Barding Armor
29:06 Fletching
30:16 Bow Saw
30:09 Heavy Plow
30:47 Gold Shaft Mining
31:35 Chain Barding Armor
33:13 Town Watch
33:44 Hand Cart
34:41 Stone Shaft Mining
34:26 Bodkin Arrow
41:39 Imperial Age
Dv Praim
11:32 Feudal Age
12:41 Double-Bit Axe
15:11 Castle Age
14:38 Fletching
17:09 Crossbowman
18:15 Bodkin Arrow
21:28 Ballistics
21:54 Bow Saw
27:27 Horse Collar
28:03 Stone Mining
28:06 Gold Mining
30:34 Padded Archer Armor
31:33 Wheelbarrow
32:09 Gold Shaft Mining
32:00 Heavy Plow
33:39 Hand Cart
38:54 Imperial Age
39:45 Yeomen
38:56 Arbalester
39:41 Bracer
39:56 Leather Archer Armor
40:47 Chemistry
39:54 Siege Engineers
39:59 Masonry
Bira+Fistik
11:37 Feudal Age
15:57 Castle Age
14:37 Double-Bit Axe
14:36 Horse Collar
18:29 Bow Saw
18:55 Man-at-Arms
20:19 Long Swordsman
21:03 Squires
21:18 Scale Mail Armor
21:42 Loom
22:17 Gambesons
24:10 Chain Mail Armor
26:12 Two-Handed Swordsman
27:09 Forging
27:20 Champion
27:45 Elite Skirmisher
30:15 Iron Casting
30:58 Gold Mining
33:04 Herbal Medicine
Kori
8:55 Feudal Age
13:56 Castle Age
11:58 Double-Bit Axe
12:17 Horse Collar
15:18 Bow Saw
15:25 Heavy Plow
18:35 Fortified Wall
18:46 Loom
26:07 Wheelbarrow
25:55 Gold Mining
25:56 Stone Mining
26:35 Fletching
30:10 Imperial Age
27:53 Bodkin Arrow
27:59 Padded Archer Armor
29:25 Hand Cart
29:47 Gold Shaft Mining
29:35 Ballistics
30:59 Stone Shaft Mining
30:59 Leather Archer Armor
30:47 Husbandry
31:11 Nomads
31:32 Conscription
32:16 Bracer
32:24 Siege Engineers
33:25 Elite Mangudai
34:35 Bloodlines
33:46 Light Cavalry
35:02 Parthian Tactics
36:38 Chemistry
38:19 Scale Barding Armor
38:14 Scale Mail Armor
38:27 Forging
38:15 Town Watch
38:38 Hussar
ImJoker
10:28 Feudal Age
14:31 Castle Age
25:56 Husbandry
26:08 Bloodlines
26:06 Scale Barding Armor
27:23 Wheelbarrow
33:37 Imperial Age
34:22 Hand Cart
37:31 Cavalier
Superhoops
10:41 Feudal Age
15:25 Castle Age
13:30 Double-Bit Axe
14:26 Horse Collar
16:55 Heavy Plow
20:34 Wheelbarrow
26:46 Fletching
26:57 Padded Archer Armor
28:20 Bodkin Arrow
29:29 Leather Archer Armor
32:06 Ballistics
35:54 Imperial Age
35:16 Gold Mining
34:58 Crossbowman
36:10 Arbalester
Connection lost

Rejoining the realm…

Still unreachable

The connection could not be restored.

Session expired

The server has moved on; the page needs a fresh start.